 Dungeon Crawl Stone Soup version 0.28.0-45-g0d030f2227 (webtiles) character file.

Game seed: 7002407026361594500

17 zeratav the Caller (level 2, 0/15 HPs)
             Began as a Tengu Summoner on Apr 13, 2022.
             Slain by a hobgoblin (4 damage)
             ... on level 2 of the Dungeon.
             The game lasted 00:02:12 (1160 turns).

zeratav the Caller (Tengu Summoner)                 Turns: 1160, Time: 00:02:12

Health: 0/15       AC:  2    Str:  8    XL:     2   Next: 62%
Magic:  5/6        EV: 12    Int: 15    God:
Gold:   21         SH:  0    Dex: 14    Spells: 4/5 levels left

rFire   . . .      SeeInvis .   h - +2 whip (holy) {mace}
rCold   . . .      Faith    .   (no shield)
rNeg    . . .      Spirit   .   a - +0 robe
rPois   .          Reflect  .   (helmet restricted)
rElec   .          Harm     .   (no cloak)
rCorr   .          Rampage  .   (no gloves)
Will    .....                   (boots unavailable)
Stlth   ++........              (no amulet)
HPRegen 0.05/turn               (no ring)
MPRegen 0.10/turn               (no ring)

@: no status effects
A: beak, talons 3
a: no special abilities


You were on level 2 of the Dungeon.
You visited 1 branch of the dungeon, and saw 2 of its levels.

You collected 21 gold pieces.


Innate Abilities, Weirdness & Mutations

You have a beak for a mouth.
You have claws for feet.


   Skills:
 - Level 2.1 Dodging
 - Level 2.0 Stealth
 + Level 2.3 Spellcasting
 * Level 5.4 Summonings


You had 4 spell levels left.
You knew the following spells:

 Your Spells              Type           Power      Damage    Failure   Level
a - Summon Small Mammal   Summ           72%        N/A       2%          1

Your spell library contained the following spells:

 Spells                   Type           Power      Damage    Failure   Level
 Call Imp                 Summ           18%        N/A       3%          2
 Call Canine Familiar     Summ           18%        N/A       7%          3
 Summon Guardian Golem    Hex/Summ       9%         N/A       22%         3
 Gell's Gravitas          Tloc           1%         N/A       54%         3
 Lesser Beckoning         Tloc           1%         N/A       54%         3
 Teleport Other           Tloc           1%         N/A       54%         3
 Summon Lightning Spire   Summ/Air       9%         N/A       56%         4

Inventory:

Hand Weapons
 h - a +2 whip of holy wrath (weapon) {mace}
   (You took it off a kobold on level 2 of the Dungeon)
Armour
 a - a +0 robe (worn)
Jewellery
 c - an amulet of guardian spirit
   (You found it on level 1 of the Dungeon)
 g - an amulet of regeneration {@e2}
   (You found it on level 1 of the Dungeon)
Scrolls
 e - a scroll of fog {unknown}
Potions
 b - 3 potions of heal wounds {unknown}
 f - a potion of mutation {unknown}

Dungeon Overview and Level Annotations

Branches:
Dungeon (2/15)

Altars:

.# ..## #
###...# #.
..J...#
#####.###.......
...........b....
#...#.........
#.....gS.....
##...@.......
#..#)........
#..##.........
#.# ##........
... ##.....#.
... ###### ..


You could see an adder (ally target), an endoplasm, a hobgoblin and a friendly
bat (summoned).


Message History

Your quokka bites the rat.
The rat barely misses you.
The endoplasm hits you but does no damage.
Your quokka barely misses the rat.
You see here a hobgoblin corpse.
The rat barely misses your quokka.
Your quokka completely misses the rat.
Your quokka barely misses the endoplasm.
The endoplasm closely misses you.
MP[+1]
The rat bites your quokka.
Your quokka bites the rat.
The rat dies!
Your quokka bites the endoplasm but does no damage.
Your quokka bites the endoplasm.
The endoplasm dies!
You start resting.
Your quokka disappears in a puff of smoke!
HP[+2] MP[+3]
You regained 2 hp, and now have 6/15 hp.
Your mp is fully restored (6).
You start resting.
Your quokka disappears in a puff of smoke!
HP[+9]
Your hp is fully restored (15).
You see here a hobgoblin skeleton.
Things that are here:
a +0 whip {mace}; a rat skeleton
There is a stone staircase leading down, spattered with blood here.
You climb downwards.
The kobold barely misses you.
There is a stone staircase leading up here.
The kobold closely misses you.
MP[-1]
You lost 1 mp, and now have 5/6 mp.
The kobold hits you with a +2 whip of holy wrath.
Your quokka bites the kobold.
HP[-5] MP[-1]
You take 5 damage, and now have 10/15 hp.
MASSIVE DAMAGE!! (PAUSE)
You lost 1 mp, and now have 4/6 mp.
What are your orders? t - Shout!
Orders for allies: a - Attack new target. r - Retreat! s - Stop attacking. g - Guard the area. f - Follow me.
Anything else - Cancel.
Gang up on whom?
Press: ? - help, Dir - move target, f - kobold
Aim: a kobold, wielding a +2 whip of holy wrath (severely wounded, ally target) Attack!
The kobold hits you with a +2 whip of holy wrath!
* * * LOW HITPOINT WARNING * * *
Your quokka misses the kobold.
HP[-7]
You take 7 damage, and now have 3/15 hp.
MASSIVE DAMAGE!! (PAUSE)
A hobgoblin comes into view.
The hobgoblin shouts!
Your bat hits the kobold but does no damage. x2
The kobold barely misses your quokka.
Your quokka barely misses the kobold.
Your bat closely misses the kobold.
The kobold closely misses your quokka.
Your quokka bites the kobold.
The kobold dies!
You swap places.
You see here a +2 whip of holy wrath {mace}.
Your +2 whip of holy wrath {mace} softly glows with a divine radiance!
h - a +2 whip of holy wrath (weapon)
{mace} Your bat hits the hobgoblin but does no damage.
You drop a +0 club {mace}.
Your bat hits the hobgoblin.
Your bat closely misses the hobgoblin.
The hobgoblin closely misses your quokka.
Your quokka bites the hobgoblin.
You start putting on your amulet.
You continue putting on your amulet of regeneration {@e2}.
Keep equipping yourself?
Uppercase [Y]es or [N]o only, please.
Keep equipping yourself?
Uppercase [Y]es or [N]o only, please.
Keep equipping yourself?
You stop putting on your amulet.
The hobgoblin barely misses your quokka.
Your quokka closely misses the hobgoblin.
Your bat hits the hobgoblin but does no damage.
MP[+1]
What are your orders? t - Shout!
Orders for allies: a - Attack new target. r - Retreat! s - Stop attacking. g - Guard the area. f - Follow me.
Anything else - Cancel.
Gang up on whom?
Press: ? - help, Dir - move target, f - adder
Aim: an adder Attack!
Your bat closely misses the adder.
The adder bites your quokka.
Your quokka dies!
Your quokka's corpse disappears in a puff of smoke!
An endoplasm comes into view.
Your bat closely misses the adder.
There is a stone staircase leading up, spattered with blood here.
HP[+1]
Your bat closely misses the adder.
The hobgoblin hits you.
You die...

Skill      XL: |  1 |
---------------+----+-----
Summonings     | 5 |  5.4
Dodging        | |  2.1
Stealth        | |  2.0
Spellcasting   | |  2.3

Action                   || total
-------------------------++-------
Melee: Unarmed           ||     6
       Kick              ||     3
       Club              ||     4
 Cast: Summon Small Mamm ||    28
Armor: Robe              ||    12
Dodge: Dodged            ||    33

Levels and vault maps discovered:
D:1:      minmay_arrival_glassed_features, layout_rooms,
          ebering_dispersal_statue_hall
D:2:      minmay_recursive_quarters, layout_rooms, hex_tiny, minmay_pentomino_s4

Notes
Turn   | Place    | Note
-------+----------+-------------------------------------------
     0 | D:1      | zeratav the Tengu Summoner began the quest for the Orb.
     0 | D:1      | Reached XP level 1. HP: 10/10 MP: 4/4
     0 | D:1      | magus.rc [v1.9.6]
    80 | D:1      | Reached skill level 5 in Summonings
   318 | D:1      | Reached XP level 2. HP: 15/15 MP: 3/6
   442 | D:1      | You pick up a book of Displacement and begin reading...
   442 | D:1      | You add the spells Lesser Beckoning, Gell's Gravitas and
                  | Teleport Other to your library.
  1149 | D:2      | HP: 3/15 [kobold/+2 whip of holy wrath (7)]
  1160 | D:2      | Slain by a hobgoblin

Vanquished Creatures
  A bat (D:1)
  A kobold (D:1)
  A frilled lizard (D:1)
3 creatures vanquished.

Vanquished Creatures (collateral kills)
  An endoplasm (D:1)
  A goblin (D:1)
  2 hobgoblins (D:1)
  2 kobolds
  3 ball pythons (D:1)
  A bat (D:1)
  2 frilled lizards (D:1)
  2 rats (D:1)
14 creatures vanquished.

Grand Total: 17 creatures vanquished

Table legend:
 A = Non-vault XP
 B = Vault XP
 C = Vault XP percentage of total XP
 D = Non-vault monster count
 E = Vault monster count
 F = Vault count percentage of total count
                 A         B        C        D         E       F
            +---------+---------+-------+---------+---------+-------
      Total |      23 |       2 |   8.0 |      16 |       1 |   5.9
            +---------+---------+-------+---------+---------+-------
        D:1 |      21 |       2 |   8.7 |      15 |       1 |   6.2
        D:2 |       2 |       0 |   0.0 |       1 |       0 |   0.0
            +---------+---------+-------+---------+---------+-------

Illustrated notes

Table legend:
 A = Kills in this place as a percentage of kills in entire the game.
 B = Kills by you in this place as a percentage of kills by you in the entire game.
 C = Kills by friends in this place as a percentage of kills by friends in the entire game.
 D = Other kills in this place as a percentage of other kills in the entire game.
 E = Experience gained in this place as a percentage of experience gained in the entire game.
 F = Experience gained in this place divided by the number of levels of this place that you have seen.
                   A       B       C       D       E      F
               +-------+-------+-------+-------+-------+----------------------
         Total | 100.0 | 100.0 | 100.0 |   N/A | 100.0 |  12.5
       Dungeon | 100.0 | 100.0 | 100.0 |   N/A | 100.0 |  12.5
               +-------+-------+-------+-------+-------+----------------------

Table legend: (Time is in decaauts)
 A = Elapsed time spent in this place.
 B = Non-inter-level travel time spent in this place.
 C = Inter-level travel time spent in this place.
 D = Time resting spent in this place.
 E = Time spent auto-exploring this place.
 F = Levels seen in this place.
 G = Mean time per level.
                   A        B        C        D        E       F      G
               +--------+--------+--------+--------+--------+-----+--------+
         Total |   1161 |   1142 |     19 |    596 |    413 |   2 |  580.5 |
       Dungeon |   1161 |   1142 |     19 |    596 |    413 |   2 |  580.5 |
               +--------+--------+--------+--------+--------+-----+--------+

Top non-repeatable levels by time:
     D:1: 1138 daAuts
     D:2: 23 daAuts
